 Dungeon Crawl Stone Soup version 0.31.0-12-g77e489cdc1 (webtiles) character file.

Game seed: 6880176072904747616

9534 Gadfly the Covert (level 11, -5/56 HPs)
             Began as a Spriggan Enchanter on Feb 17, 2024.
             Was an Initiate of Gozag.
             Slain by a death yak (19 damage)
             ... on level 9 of the Dungeon.
             The game lasted 00:20:55 (12172 turns).

Gadfly the Covert (Spriggan Enchanter)             Turns: 12172, Time: 00:20:56

Health: -5/56      AC:  7    Str:  4    XL:     11   Next: 24%
Magic:  21/24      EV: 26    Int: 19    God:    Gozag
Gold:   1123       SH:  5    Dex: 24    Spells: 11/26 levels left

rFire   + . .        a - +2 dagger (elec)
rCold   . . .        (no shield)
rNeg    . . .        B - +1 robe {rF+}
rPois   .            (helmet restricted)
rElec   .            g - scarf {+Inv}
rCorr   .            (gloves unavailable)
SInv    +            (boots unavailable)
Will    +....        t - amulet of reflection
Stlth   +++++        k - +4 ring of protection
HPRegen 0.29/turn    x - +6 ring of dexterity
MPRegen 0.19/turn

%: reflection
@: confusing by touch, very quick
A: very small, no large weapons, unfitting armour, see invisible, speed 3
a: Renounce Religion, Evoke Invisibility, Potion Petition, Call Merchant, Bribe
Branch


You were on level 9 of the Dungeon.
You worshipped Gozag.
Gozag was most pleased with you.
You visited 2 branches of the dungeon, and saw 11 of its levels.
You also visited: Sewer and Bailey.

You collected 1210 gold pieces.
You paid 87 gold pieces to Gozag.

Inventory:

Hand Weapons
 a - a +2 dagger of electrocution (weapon)
 b - a +3 short sword of freezing
 F - a +4 scimitar of flaming
Armour
 g - a scarf of invisibility (worn)
 B - a +1 robe of fire resistance (worn)
Jewellery
 e - a +6 ring of dexterity
 k - a +4 ring of protection (left hand)
 t - an amulet of reflection (around neck)
 x - a +6 ring of dexterity (right hand)
 y - a ring of ice
Wands
 f - a wand of flame (20)
 z - a wand of roots (22)
 C - a wand of paralysis (3)
 H - a wand of quicksilver (6)
Scrolls
 i - 2 scrolls of blinking
 l - 2 scrolls of brand weapon
 n - a scroll of fear
 p - 5 scrolls of teleportation
 s - 2 scrolls of enchant weapon
 A - 2 scrolls of butterflies
Potions
 c - 5 potions of invisibility
 d - 2 potions of heal wounds
 h - 7 potions of curing
 j - 2 potions of resistance
 m - 2 potions of haste
 o - a potion of cancellation
 q - a potion of mutation
 r - 2 potions of lignification
 u - a potion of brilliance
 v - 3 potions of berserk rage
 w - 2 potions of enlightenment
 D - a potion of might
 E - a potion of magic {unknown}
 G - 11 potions of ambrosia


   Skills:
 + Level 5.5 Fighting
 + Level 7.6 Short Blades
 + Level 9.1 Dodging
 + Level 11.2 Stealth
 + Level 8.3 Spellcasting
 + Level 8.8 Hexes
 + Level 8.6 Evocations


You had 11 spell levels left.
You knew the following spells:

 Your Spells              Type           Power      Damage    Failure   Level
a - Ensorcelled Hibernat  Hex/Ice        48%        N/A       2%          2
b - Confusing Touch       Hex            41%        N/A       1%          3
c - Blink                 Tloc           14%        N/A       13%         2
d - Discord               Hex            20%        N/A       100%        8

Your spell library contained the following spells:

 Spells                   Type           Power      Damage    Failure   Level
 Tukima's Dance           Hex            41%        N/A       1%          3
 Dazzling Flash           Conj/Hex       48%        N/A       4%          3
 Magic Dart               Conj           28%        1d4       9%          1
 Call Imp                 Summ           14%        N/A       13%         2
 Lesser Beckoning         Tloc           14%        N/A       13%         2
 Sublimation of Blood     Necr           7%         N/A       13%         2
 Gell's Gravitas          Tloc           7%         N/A       26%         3
 Teleport Other           Tloc           7%         N/A       26%         3
 Leda's Liquefaction      Alch/Erth      3%         N/A       65%         4
 Olgreb's Toxic Radiance  Alch           7%         N/A       65%         4
 Borgnjor's Vile Clutch   Necr/Erth      3%         N/A       94%         5
 Lee's Rapid Deconstruct  Erth           3%         3d5*      94%         5
 Bombard                  Conj/Erth      3%         9d1       100%        6
 Death Channel            Necr           3%         N/A       100%        6
 Ozocubu's Refrigeration  Ice            3%         4d8       100%        7
 Summon Hydra             Summ           3%         N/A       100%        7
 Animate Dead             Necr           Unusable   N/A       N/A         4

Dungeon Overview and Level Annotations

Branches:
Dungeon (10/15)            Temple (1/1) D:7            Lair (0/5) D:10
    Orc (0/2) D:9           Sewer (visited)          Bailey (visited)

Altars:
Ashenzari
Cheibriados
Dithmenos
Elyvilon
Fedhas
Gozag
Hepliaklqana
Kikubaaqudgha
Makhleb
Nemelex Xobeh
Okawaru
Qazlal
Ru
Sif Muna
Trog
Uskayaw
Vehumet
Wu Jian
Xom
Yredelemnul
Zin
The Shining One

Shops:
D:9 =

Portals:
Abyss: D:7

Annotations:
D:7 2 transporters, bronco's ghost, novice GrEE
D:8 3 runed translucent doors, knightboat's ghost, novice GnSh


Innate Abilities, Weirdness & Mutations

You are very small and have problems with some larger weapons.
You are too small for most types of armour.
You have supernaturally acute eyesight. (SInv)
You cover ground extremely quickly. (Speed+++)


Message History

You are too injured to fight recklessly!
Unknown command.
Unknown command.
You see here 16 gold pieces.
You now have 1123 gold pieces (gained 16).
Your hands stop glowing.
You see here a +0 club.
There is a stone staircase leading up here.
Okay, then.
You climb upwards.
There is a stone staircase leading down here.
HP restored.
Done exploring.
There is a stone staircase leading up, spattered with blood here.
You climb upwards.
Level annotation: 3 runed translucent doors, knightboat's ghost, novice GnSh
There is a stone staircase leading down here.
You climb downwards.
There is a stone staircase leading up, spattered with blood here.
There is a stone staircase leading down here.
You climb downwards.
You block the death yak's attack. The death yak gores you!!
There is a stone staircase leading up, spattered with blood here.
The death yak misses you. The death yak gores you.
You climb upwards.
There is a stone staircase leading down here.
Casting: Confusing Touch (safe; 1% risk of failure)
Confirm with . or Enter, or press ? or * to list all spells.
Your hands begin to glow red.
The death yak gores you. The death yak completely misses you.
You hit the death yak but do no damage. The death yak completely misses you.
You hit the death yak but do no damage. The death yak misses you.
You hit the death yak but do no damage. The death yak gores you!!
* * * LOW HITPOINT WARNING * * *
The death yak completely misses you.
You hit the death yak but do no damage. The death yak closely misses you.
Unknown command.
You hit the death yak but do no damage. The death yak gores you!!
You die...
Your body crumbles into a pile of gold.

#####'### #.# #.### #....# #.#
#...# ##.#### #.# ####.##
#....# #.# #...... #....# #.#
#.##### #....# #.# #...#..
#....# #.##########.#.#
#....##########..............#
#...........Y@Y...######.#####
#..[.###########.## #.<[..#
#....# #.# ###)### #....# #.#
#)[# ##.### #.# ##(## #..# #.#
#))# ###'###### #.### ##.#
#........# #...## ###)#
#........# ####.#..# #.[..


You could see 2 death yaks.

Vanquished Creatures
  A two-headed ogre (D:8)
  Erica (D:10)
  3 death yaks (D:10)
  An orc knight (Bailey)
  A deep elf pyromancer (Bailey)
  A hornet (D:8)
  A queen bee (D:9)
  Sigmund (D:7)
  3 yaks (D:9)
  Menkaure (D:6)
  A steam dragon (D:8)
  Edmund (D:7)
  A water moccasin (D:5)
  A black bear (D:6)
  Pargi (Sewer)
  An ice beast (D:6)
  7 orc warriors
  2 sky beasts
  2 ogres
  2 phantoms
  A kobold brigand (D:6)
  A brain worm (Sewer)
  2 scorpions
  3 bullfrogs
  6 wights
  24 killer bees (D:9)
  A howler monkey (D:10)
  2 jellies
  3 hounds
  A bombardier beetle (D:6)
  7 orc priests
  A sleepcap (D:6)
  A gnoll bouda (D:8)
  2 iguanas
  8 orc wizards
  Robin (D:2)
  12 adders
  5 gnolls
  A shadow imp (D:7)
  2 white imps (D:7)
  4 ufetubi (D:7)
  3 dart slugs
  3 ribbon worms (D:2)
  51 orcs
  9 ball pythons
  6 bats
  5 endoplasms
  4 giant cockroaches
  20 goblins
  6 hobgoblins
  4 jackals (D:2)
  15 kobolds
  7 quokkas
  12 frilled lizards
  4 rats
270 creatures vanquished.

Notes
Turn   | Place    | Note
-------+----------+-------------------------------------------
     0 | D:1      | Gadfly the Spriggan Enchanter began the quest for the Orb.
     0 | D:1      | Reached XP level 1. HP: 9/9 MP: 5/5
   145 | D:1      | Reached XP level 2. HP: 9/13 MP: 6/6
   271 | D:1      | Reached skill level 1 in Evocations
   274 | D:1      | Learned a level 2 spell: Ensorcelled Hibernation
   294 | D:1      | Reached XP level 3. HP: 15/17 MP: 8/8
   611 | D:1      | Learned a level 3 spell: Confusing Touch
   864 | D:2      | Reached skill level 1 in Fighting
   864 | D:2      | Reached skill level 5 in Stealth
   864 | D:2      | Reached XP level 4. HP: 22/22 MP: 2/9
  1073 | D:2      | Found a faded altar of an unknown god.
  1198 | D:2      | Noticed Robin
  1359 | D:2      | Killed Robin
  1416 | D:2      | Found a shimmering altar of Xom.
  1671 | D:3      | Reached XP level 5. HP: 25/25 MP: 11/11
  1904 | D:3      | Found a glowing drain.
  1915 | Sewer    | Entered a sewer
  1987 | Sewer    | Noticed Pargi
  2005 | Sewer    | Killed Pargi
  2006 | Sewer    | Reached XP level 6. HP: 25/30 MP: 5/12
  2629 | D:3      | Found a bloodstained altar of Trog.
  3018 | D:4      | Reached skill level 6 in Stealth
  3178 | D:4      | Found a shimmering altar of Xom.
  3269 | D:4      | Reached XP level 7. HP: 35/35 MP: 9/14
  3798 | D:4      | Found a white marble altar of Elyvilon.
  3831 | D:5      | Entered Level 5 of the Dungeon
  4106 | D:5      | Reached skill level 5 in Hexes
  4251 | D:5      | Reached skill level 5 in Dodging
  4597 | D:5      | Learned a level 2 spell: Blink
  4793 | D:5      | Reached XP level 8. HP: 39/39 MP: 13/16
  4975 | D:6      | Reached skill level 7 in Stealth
  5234 | D:6      | Reached skill level 5 in Spellcasting
  5361 | D:6      | Noticed Menkaure
  5396 | D:6      | Killed Menkaure
  5585 | D:6      | Reached skill level 5 in Evocations
  6119 | D:7      | Reached skill level 8 in Stealth
  6238 | D:7      | Reached skill level 5 in Short Blades
  6278 | D:7      | Found a transporter.
  6279 | D:7      | Found a one-way gate to the infinite horrors of the Abyss.
  6279 | D:7      | Noticed bronco's ghost (novice GrEE)
  6298 | D:7      | Found a transporter.
  6299 | D:7      | Noticed a red ugly thing
  6307 | D:7      | Reached XP level 9. HP: 44/44 MP: 13/18
  6379 | D:7      | Noticed a toenail golem
  6443 | D:7      | Found a staircase to the Ecumenical Temple.
  6517 | Temple   | Found a transporter.
  6517 | Temple   | Found a transporter.
  6517 | Temple   | Found a transporter.
  6517 | Temple   | Found a transporter.
  6517 | Temple   | Entered the Ecumenical Temple
  6641 | Temple   | Became a worshipper of Gozag Ym Sagoz the Greedy
  6692 | D:7      | Noticed Sigmund
  6695 | D:7      | Killed Sigmund
  6710 | D:7      | Noticed Edmund
  6713 | D:7      | Killed Edmund
  7595 | D:8      | Noticed a two-headed ogre
  7596 | D:8      | Found a flagged portal.
  7602 | D:8      | Killed a two-headed ogre
  7603 | D:8      | Reached skill level 9 in Stealth
  7614 | Bailey   | Entered a bailey
  7743 | Bailey   | Found a large runed translucent door.
  7743 | Bailey   | Found a large runed translucent door.
  7744 | Bailey   | Noticed an orc knight
  7745 | Bailey   | Noticed a deep elf pyromancer
  7843 | Bailey   | Killed an orc knight
  7885 | Bailey   | HP: 1/46 [orc warrior/+0 halberd (10)]
  7901 | Bailey   | Reached XP level 10. HP: 13/51 MP: 15/21
  8263 | Bailey   | Killed a deep elf pyromancer
  8371 | D:8      | Found a runed translucent gate.
  8372 | D:8      | Found a runed translucent gate.
  8372 | D:8      | Found a runed translucent gate.
  8764 | D:8      | Noticed knightboat's ghost (novice GnSh)
  8809 | D:9      | Reached skill level 10 in Stealth
  9018 | D:9      | Reached skill level 5 in Fighting
  9438 | D:9      | Found a staircase to the Orcish Mines.
  9935 | D:9      | Found Kiuptuzxics's Jewellery Shoppe.
 10391 | D:9      | Learned a level 8 spell: Discord
 10422 | D:10     | Entered Level 10 of the Dungeon
 10463 | D:10     | Noticed Erica
 10473 | D:10     | Killed Erica
 10474 | D:10     | Reached XP level 11. HP: 21/56 MP: 13/24
 10613 | D:10     | Noticed a death yak
 10614 | D:10     | Noticed a death yak
 10614 | D:10     | Noticed a death yak
 10615 | D:10     | Noticed a death yak
 10617 | D:10     | Noticed a death yak
 10990 | D:10     | Noticed a death yak
 10990 | D:10     | Noticed a death yak
 11389 | D:10     | Killed a death yak
 11490 | D:10     | Found a staircase to the Lair.
 11910 | D:10     | Killed a death yak
 11911 | D:10     | Reached skill level 11 in Stealth
 11922 | D:10     | Killed a death yak
 12172 | D:9      | Slain by a death yak

Illustrated notes

Levels and vault maps discovered:
D:1:      roadster_arrival_rocket_large, layout_rooms
D:2:      layout_rooms, shapermc_ecumenical_altar_ellora, basic_altar,
          minmay_domino_4, uniq_robin
D:3:      layout_basic, mainiacjoe_overflow_alcove_2, portal_sewer_entry_d,
          chequers_serial_rivers_micro_d
D:4:      layout_basic, mainiacjoe_overflow_swirl
D:5:      layout_loops_ring, hangedman_abyss_or_decor_slice
D:6:      layout_loops_corners, uniq_menkaure
D:7:      layout_basic, minmay_temple_entry_enclosed_plants,
          gammafunk_ghost_abyssal_escape, grunt_ministairs_7,
          serial_library_hellmonk_h_bend, sigmund_edmund_badplayer
D:8:      layout_loops_ring, gammafunk_ghost_necromancy, enter_bailey_2,
          minmay_fountain_box, minivault_23, minmay_door_square
D:9:      layout_roguey [special_room_bee], hiddenorc2_lemuel, serial_shops,
          nicolae_shop_gaudy_bauble
D:10:     layout_roguey [special_room_orc], dpeg_lair_monsters, uniq_erica
Temple:   hellmonk_temple_divided_pantheon

Skill      XL: |  1  2  3  4  5  6  7  8  9 10 11 |
---------------+----------------------------------+-----
Dodging        | 3 4 5 6 7 8 9 |  9.1
Spellcasting   | 3 4 5 6 8 |  8.3
Evocations     | 1 2 3 4 5 6 8 |  8.6
Fighting       | 1 2 3 4 5 |  5.5
Stealth        | 5 6 8 9 10 11 | 11.2
Hexes          | 4 5 6 7 8 |  8.8
Short Blades   | 2 3 5 6 7 |  7.6

Action                     |  1- 3 |  4- 6 |  7- 9 | 10-12 || total
---------------------------+-------+-------+-------+-------++-------
  Melee: Short sword       |   130 |   170 |       |    13 ||   313
         Dagger            |     9 |    31 |   207 |   348 ||   595
         Punch             |     1 |     1 |     4 |     4 ||    10
   Cast: Ensorcelled Hiber |     8 |    19 |    44 |    48 ||   119
         Confusing Touch   |       |     2 |     4 |    11 ||    17
    Use: Scroll            |     2 |    11 |     9 |     1 ||    23
         Potion            |       |     1 |     2 |       ||     3
   Stab: Sleeping          |    11 |    22 |    34 |    28 ||    95
         Distracted        |     1 |       |     1 |     1 ||     3
         Confused          |       |       |     3 |     8 ||    11
 Armour: Robe              |    29 |    27 |       |    30 ||    86
         Animal skin       |       |    22 |    54 |    33 ||   109
  Dodge: Dodged            |   104 |   135 |   176 |   201 ||   616
  Block: Other             |       |       |    33 |    46 ||    79
